 Dungeon Crawl Stone Soup version 0.27-a0-1071-ga85bd9520d (console) character file.

Game seed: 5881914619593761974

31 nht the Digger (level 3, -7/24 HPs)
             Began as a Demonspawn Earth Elementalist on Apr 24, 2021.
             Mangled by Terence
             ... wielding a +0 flail
              (11 damage)
             ... on level 2 of the Dungeon.
             The game lasted 00:01:22 (1483 turns).

nht the Digger (Demonspawn Earth Elementalist)      Turns: 1483, Time: 00:01:23

Health: -7/24      AC:  2    Str:  8    XL:     3   Next: 7%
Magic:  0/6        EV: 12    Int: 17    God:
Gold:   62         SH:  0    Dex: 13    Spells: 5/6 levels left

rFire    . . .     SeeInvis .   a - +0 hand axe
rCold    . . .     Faith    .   (no shield)
rNeg     . . .     Spirit   .   c - +0 robe
rPois    .         Reflect  .   (no helmet)
rElec    .         Harm     .   (no cloak)
rCorr    .         Rampage  .   (no gloves)
Will     .....                  (no boots)
Stlth    ++........             (no amulet)
HPRegen  0.08/turn              (no ring)
MPRegen  0.10/turn              (no ring)

@: no status effects
A: claws 1, spiny 1
a: no special abilities


You were on level 2 of the Dungeon.
You visited 1 branch of the dungeon, and saw 2 of its levels.

You collected 62 gold pieces.

Inventory:

Hand Weapons
 a - a +0 hand axe (weapon)
Missiles
 b - 33 stones
Armour
 c - a +0 robe (worn)
Scrolls
 e - 3 scrolls of identify {unknown}
 f - 3 scrolls of teleportation {unknown}
 g - a scroll of fog {unknown}


   Skills:
 - Level 1.7 Dodging
 - Level 1.7 Stealth
 - Level 2.0 Spellcasting
 - Level 0.8 Transmutations
 + Level 3.9 Earth Magic


You had 5 spell levels left.
You knew the following spells:

 Your Spells              Type           Power      Damage    Failure   Level
a - Sandblast             Erth           28%        2d8       4%          1

Your spell library contained the following spells:

 Spells                   Type           Power      Damage    Failure   Level
 Passwall                 Tmut/Erth      7%         N/A       11%         2
 Stone Arrow              Conj/Erth      16%        3d8       26%         3
 Petrify                  Tmut/Erth      9%         N/A       58%         4
 Lee's Rapid Deconstruct  Erth           7%         3d7*      73%         5


Dungeon Overview and Level Annotations

Branches:
Dungeon (2/15)

Altars:

Annotations:
D:2 Terence


Innate Abilities, Weirdness & Mutations

You have sharp fingernails.
You are partially covered in sharp spines.


Message History

Terence shouts!
You hear a shout! x2
A hobgoblin comes into view.
The blast of sand hits Terence but does no damage.
Terence closely misses you.
The blast of sand misses Terence.
A hobgoblin comes into view.
Terence is struck by your spines. Terence barely misses you.
The blast of sand hits Terence.
Terence is moderately wounded.
Terence barely misses you.
The blast of sand hits Terence but does no damage.
Terence is moderately wounded.
Terence is struck by your spines. Terence hits you with a +0 flail.
The blast of sand hits Terence.
Terence is moderately wounded.
Terence is struck by your spines. Terence hits you with a +0 flail!
The blast of sand hits Terence but does no damage.
Terence is heavily wounded.
Terence hits you with a +0 flail.
* * * LOW HITPOINT WARNING * * *
You barely miss Terence.
Terence is heavily wounded.
You barely miss the hobgoblin. x2; The hobgoblin hits you.
* * * LOW HITPOINT WARNING * * *
Terence barely misses you. The hobgoblin closely misses you.
It was a potion of curing.
You feel better. The hobgoblin is struck by your spines.
The hobgoblin hits you but does no damage.
Terence hits you with a +0 flail. The hobgoblin closely misses you.
You closely miss the hobgoblin.
The hobgoblin is severely wounded.
You hit the hobgoblin. You hit Terence but do no damage.
The hobgoblin closely misses you. Terence hits you with a +0 flail!
* * * LOW HITPOINT WARNING * * *
The hobgoblin is struck by your spines.
You kill the hobgoblin!
The hobgoblin is struck by your spines.
You kill the hobgoblin!
Terence is struck by your spines. Terence hits you with a +0 flail!
You die...

███.██........
█............█
█.█..██.█.██.█
█.█..██.█.██>█ █ █
█..██.█.██.█ ..
█..██.█.██.██ ███.██
█.......█...████......
......█.....█...........
█.█..██.█.█.....@....█
█.█.....█.██.████@.(█<█
█.........██.█ ..$.█
████.███████.█ .......
█.█ █.█ ....... █. ..█


███████ ██ You could see Terence.

Vanquished Creatures
  3 dart slugs (D:1)
  5 ball pythons
  2 endoplasms
  A giant cockroach (D:2)
  2 goblins
  3 hobgoblins
  3 jackals
  A bat (D:1)
  3 kobolds (D:1)
  2 rats
25 creatures vanquished.

Notes
Turn   | Place    | Note
-------+----------+-------------------------------------------
     0 | D:1      | nht the Demonspawn Earth Elementalist began the quest for
                  | the Orb.
     0 | D:1      | Reached XP level 1. HP: 13/13 MP: 3/3
   320 | D:1      | Reached skill level 3 in Earth Magic
   589 | D:1      | Gained mutation: You have sharp fingernails. [demonic
                  | ancestry]
   589 | D:1      | Reached XP level 2. HP: 19/19 MP: 3/5
  1345 | D:2      | Gained mutation: You are partially covered in sharp spines.
                  | [demonic ancestry]
  1345 | D:2      | Reached XP level 3. HP: 24/24 MP: 2/6
  1474 | D:2      | Noticed Terence
  1483 | D:2      | Mangled by Terence

Illustrated notes

Levels and vault maps discovered:
D:1:      matt_arrival_los_fun, layout_basic
D:2:      layout_loops_ring, kennysheep_big_empty_room, corner_web_ring,
          st_stairs_14, corexii_corridor_pit, minmay_lizard_pond, uniq_terence,
          uniq_crazy_yiuf_cottage

Skill      XL: |  1 |
---------------+----+-----
Earth Magic    | 3 |  3.9
Dodging        | |  1.7
Stealth        | |  1.7
Spellcasting   | |  2.0
Transmutations | |  0.8

Action                   || total
-------------------------++-------
Melee: Hand axe          ||     5
 Cast: Sandblast         ||    36
  Use: Potion            ||     1
Armor: Robe              ||     2
Dodge: Dodged            ||    12

Table legend: (Time is in decaauts)
 A = Elapsed time spent in this place.
 B = Non-inter-level travel time spent in this place.
 C = Inter-level travel time spent in this place.
 D = Time resting spent in this place.
 E = Time spent auto-exploring this place.
 F = Levels seen in this place.
 G = Mean time per level.
                   A        B        C        D        E       F      G
               +--------+--------+--------+--------+--------+-----+--------+
         Total |   1484 |   1453 |     31 |     14 |   1323 |   2 |  742.0 |
       Dungeon |   1484 |   1453 |     31 |     14 |   1323 |   2 |  742.0 |
               +--------+--------+--------+--------+--------+-----+--------+

Top non-repeatable levels by time:
     D:1: 1337 daAuts
     D:2: 146 daAuts
